 Dungeon Crawl Stone Soup version 0.30-a0-568-g124715a40b (webtiles) character file.

Game seed: 9940337460257530377

203522 demibob the Brawler (level 17, -2/182 HPs)
             Began as a Troll Chaos Knight on Dec 28, 2022.
             Was the Champion of Jiyva.
             Slain by a hellephant (13 damage)
             ... on level 1 of the Vaults.
             The game lasted 01:25:02 (30376 turns).

demibob the Brawler (Troll Chaos Knight)           Turns: 30376, Time: 01:25:03

Health: -2/182     AC: 21    Str: 24    XL:     17   Next: 98%
Magic:  0/16       EV: 15    Int:  8    God:    Jiyva [******]
Gold:   883        SH: 15    Dex: 15    Spells: 16/16 levels left

rFire   + + .      SeeInvis +      - Unarmed
rCold   + + .      Faith    .    t - +2 kite shield
rNeg    . . .      Spirit   +    y - +6 acid dragon scales
rPois   +          Reflect  .    k - +1 hat {Stlth+}
rElec   +          Harm     .    l - scarf {rC+ rF+}
rCorr   +          Rampage  .    (gloves unavailable)
Will    +....                    (boots unavailable)
Stlth   ++                       g - amulet of guardian spirit
HPRegen 2.90/turn                x - ring of the Octopus King {HP+2 AC+2 EV+2 SH+2 SInv}
MPRegen 0.65/turn                w - ring of Greed {Drain rPois rF+ rC+}

@: calling ooze
A: large, unfitting armour, claws 3, regeneration 1, shaggy fur 1, tough skin 1,
iridescent scales 1, electricity resistance, gelatinous body 1, evolution 2,
MP-powered wands
}: 1/15 runes: slimy
a: Renounce Religion, Oozemancy, Slimify


You were on level 1 of the Vaults.
You worshipped Jiyva.
Jiyva was exalted by your worship.
You visited 7 branches of the dungeon, and saw 32 of its levels.
You visited the Abyss 1 time.
You visited 2 bazaars.
You also visited: Gauntlet and Ice Cave.

You collected 2894 gold pieces.
You spent 2011 gold pieces at shops.


Innate Abilities, Weirdness & Mutations

You are too large for most types of armour.
You have claws for hands.
Your natural rate of healing is unusually fast.
You are covered in fur. (AC +1)
You have tough skin. (AC +1)
You are partially covered in iridescent scales. (AC +2)
You are resistant to electric shocks. (rElec)
Your rubbery body absorbs attacks. (AC +1, EV +1)
You have great hidden genetic potential.
You expend magic power (3 MP) to strengthen your wands.


   Skills:
 + Level 14.0 Fighting
 - Level 11.7 Throwing
 - Level 6.4 Armour
 + Level 7.5 Dodging
 - Level 10.8 Shields
 - Level 20.9 Unarmed Combat


You had 16 spell levels left.
You didn't know any spells.
Your spell library contained the following spells:

 Spells                   Type           Power      Damage    Failure   Level
 Apportation              Tloc           0%         N/A       67%         1
 Foxfire                  Conj/Fire      0%         2x1d4     67%         1
 Kiss of Death            Conj/Necr      0%         2d5       67%         1
 Summon Small Mammal      Summ           0%         N/A       67%         1
 Blink                    Tloc           0%         N/A       82%         2
 Cigotuvi's Dreadful Rot  Necr/Pois/Air  0%         N/A       82%         2
 Ensorcelled Hibernation  Hex/Ice        0%         N/A       82%         2
 Momentum Strike          Conj/Tloc      0%         3d8       82%         2
 Static Discharge         Conj/Air       0%         2-2/arc   82%         2
 Call Canine Familiar     Summ           0%         N/A       96%         3
 Dazzling Flash           Conj/Hex       0%         N/A       96%         3
 Gell's Gravitas          Tloc           0%         N/A       96%         3
 Hailstorm                Conj/Ice       0%         3d3       96%         3
 Inner Flame              Hex/Fire       0%         N/A       96%         3
 Lesser Beckoning         Tloc           0%         N/A       96%         3
 Summon Guardian Golem    Hex/Summ       0%         N/A       96%         3
 Teleport Other           Tloc           0%         N/A       96%         3
 Vhi's Electric Charge    Tloc/Air       0%         N/A       96%         3
 Dispel Undead            Necr           0%         3d6       100%        4
 Flame Wave               Conj/Fire      0%         2d4       100%        4
 Ice Form                 Ice/Tmut       0%         N/A       100%        4
 Petrify                  Tmut/Erth      0%         N/A       100%        4
 Sticky Flame             Conj/Fire      0%         2d3       100%        4
 Summon Lightning Spire   Summ/Air       0%         N/A       100%        4
 Agony                    Necr           0%         N/A       100%        5
 Alistair's Intoxication  Tmut/Pois      0%         N/A       100%        5
 Arcjolt                  Conj/Air       0%         1d10      100%        5
 Fireball                 Conj/Fire      0%         3d3       100%        5
 Lightning Bolt           Conj/Air       0%         1d11      100%        5
 Silence                  Hex/Air        0%         N/A       100%        5
 Death Channel            Necr           0%         N/A       100%        6
 Simulacrum               Ice/Necr       0%         N/A       100%        6
 Starburst                Conj/Fire      0%         6d3       100%        6
 Monstrous Menagerie      Summ           0%         N/A       100%        7
 Lehudib's Crystal Spear  Conj/Erth      0%         10d2      100%        8
 Necromutation            Tmut/Necr      0%         N/A       100%        8
 Summon Horrible Things   Summ           0%         N/A       100%        8
 Chain Lightning          Conj/Air       0%         N/A       100%        9
 Fire Storm               Conj/Fire      0%         5d1       100%        9
 Polar Vortex             Ice            0%         N/A       100%        9
 Shatter                  Erth           0%         3d5*      100%        9

Inventory:

Missiles
 a - 5 curare-tipped darts {=f}
 d - 12 throwing nets {=f}
 n - 32 large rocks (quivered) {=f}
 z - 4 atropa-tipped darts
 C - 22 poisoned darts
 M - 6 javelins
 Q - 4 silver javelins
Armour
 k - a +1 hat of stealth (worn)
 l - a scarf of resistance (worn)
 t - a +2 kite shield (worn)
 y - +6 acid dragon scales (worn)
 U - +0 ice dragon scales
Jewellery
 g - an amulet of guardian spirit (around neck)
 v - a ring of see invisible
 w - the ring of Greed (right claw) {Drain rPois rF+ rC+}
   (You bought it in a shop on level 2 of the Orcish Mines)

   [ring of protection from fire]

   rF:        It protects you from fire.
   rC:        It protects you from cold.
   rPois:     It protects you from poison.
   Drain:     It drains your maximum health when unequipped.
 x - a ring of the Octopus King (left claw) {HP+2 AC+2 EV+2 SH+2 SInv}
   (You bought it in a shop on level 2 of the Orcish Mines)

   [ring of see invisible]

   AC:        It affects your AC (+2).
   EV:        It affects your evasion (+2).
   HP:        It affects your health (+2).
   SInv:      It lets you see invisible.
   SH:        It affects your SH (+2).
 D - a +6 ring of dexterity
 E - a +5 ring of evasion
 F - a ring of protection from fire
 L - a ring of flight
 N - a ring of positive energy
 P - the ring of Dofeto {rF+ Slay+3}
   (You found it in a Gauntlet)

   [ring of protection from fire]

   Slay:      It affects your accuracy & damage with ranged weapons and melee
   (+3).
   rF:        It protects you from fire.
 R - a ring of resist corrosion
 Z - a ring of wizardry
Wands
 e - a wand of flame (86)
 o - a wand of polymorph (5)
 H - a wand of charming (16)
 I - a wand of mindburst (11)
 K - a wand of roots (6)
Scrolls
 i - a scroll of fog
 p - 2 scrolls of amnesia
 s - 9 scrolls of identify {@r1}
 T - 2 scrolls of immolation
Potions
 c - 4 potions of brilliance
 h - 4 potions of attraction
 q - 2 potions of cancellation
 r - 6 potions of magic
 B - 4 potions of ambrosia
 J - a potion of flight
 O - 4 potions of lignification
 S - 2 potions of mutation
Miscellaneous
 b - a piece from Xom's chessboard (15/15)
 G - a condenser vane (inert)

Dungeon Overview and Level Annotations

Branches:
Dungeon (15/15)            Temple (0/1) D:5            Lair (5/5) D:8
  Swamp (0/4) Lair:2       Spider (1/4) Lair:2        Slime (5/5) Lair:5
    Orc (2/2) D:10            Elf (3/3) Orc:2        Vaults (1/5) D:14
 Depths (0/4) D:15          IceCv (visited)         Gauntlet (visited)

Altars:
Cheibriados
Elyvilon
Gozag
Hepliaklqana
Makhleb
Nemelex Xobeh
Sif Muna
Trog
Xom
Jiyva

Shops:
D:4 =   D:5 *   Orc:1 ?   Orc:2 [=*=(((:   Elf:2 =   Elf:3 *

Annotations:
D:5 3 runed translucent doors, GiantSquids's ghost, novice VSBe
D:12 Snorg
D:14 1 runed translucent door
Slime:5 Royal Jelly
Elf:2 5 runed translucent doors

▒......▒ ▒......▒
▒......▒▒▒▒▒▒▒▒▒▒▒
▒................▒
▒................▒▒▒▒▒▒▒▒
▒▒▒▒▒▒▒.▒.........#......▒
▒.......▒.........#......▒
▒.▒.▒.▒.▒.......§J#p§....▒
▒...▒...........@Y§Y§§...▒
▒.▒.▒▒▒▒▒.......§§#p§§p..▒
........▒▒▒▒▒######..§...▒
▒.▒.▒.▒.▒ ▒▒▒▒▒▒▒▒▒'▒▒▒▒▒▒
........▒ ▒........p.....▒
▒.▒.▒▒▒.▒ ▒........Y.....▒
▒...▒...▒ ▒..''''''''''..▒
▒.▒.▒.▒.▒ ▒..'+++'pp'+'..▒
'...▒...▒ ▒..'


'p'p+ '..▒ You could see 2 hellephants, 3 hell knights and a neutral jelly
(wandering) (fellow slime).


Message History

The hell knight prays to its god.
The hell knight blinks!
The jelly hits the hell knight but does no damage.
The hell knight is engulfed in noxious fumes.
The walls burn the hell knight!
You block the hell knight's attack.
The hellephant is engulfed in noxious fumes.
The hell knight is engulfed in noxious fumes.
The walls burn the hell knight!
The hellephant is engulfed in noxious fumes.
The walls burn the hellephant!
The hellephant tramples you!!
* * * LOW HITPOINT WARNING * * *
You hold your ground!
The hellephant bites you but does no damage.
The hellephant gores you but does no damage.
The hell knight is engulfed in noxious fumes.
The walls burn the hell knight!
You closely miss the hellephant.
The hellephant is severely wounded.
The hell knight is engulfed in noxious fumes.
The walls burn the hell knight!
The hell knight hits you from afar with a +3 demon trident!!
* * * LOW HITPOINT WARNING * * *
The jelly hits the hellephant but does no damage.
The hell knight is engulfed in noxious fumes.
The hell knight appears confused.
The walls burn the hell knight!
The hell knight hits the hell knight with a +4 great mace of protection!!
The hell knight is killed!
The hellephant is engulfed in noxious fumes.
The walls burn the hellephant!
The hellephant tramples you!
You die...

Skill      XL: |  1  2  3  4  5  6  7  8  9 10 11 12 13 14 15 16 17 |
---------------+----------------------------------------------------+-----
Unarmed Combat | 4 5 7 8 9 12 13 15 16 18 19 20 | 20.9
Throwing       | 3 7 9 11 | 11.7
Fighting       | 3 7 8 10 12 14 | 14.0
Shields        | 9 10 | 10.8
Armour         | 6 |  6.4
Dodging        | 7 |  7.5

Action                   |  1- 3 |  4- 6 |  7- 9 | 10-12 | 13-15 | 16-18 || total
-------------------------+-------+-------+-------+-------+-------+-------++-------
Melee: Unarmed           |    73 |   126 |   244 |   551 |  1134 |  1015 ||  3143
       Punch             |     3 |     4 |    14 |    51 |    93 |       ||   165
       Peck              |       |       |       |       |    17 |   199 ||   216
Throw: Dart              |       |       |       |     8 |       |       ||     8
       Large rock        |       |       |       |       |    58 |       ||    58
Invok: Oozemancy         |       |       |       |       |       |     1 ||     1
Evoke: Wand              |       |     2 |       |    11 |    14 |       ||    27
       Piece from Xom's  |       |       |       |     1 |       |       ||     1
       Condenser vane    |       |       |       |       |     4 |     3 ||     7
  Use: Scroll            |     2 |     7 |    11 |    13 |    27 |     4 ||    64
       Potion            |       |     4 |       |    16 |    15 |     7 ||    42
 Stab: Sleeping          |     2 |     2 |     2 |     7 |     8 |     2 ||    23
       Distracted        |       |       |     1 |       |     4 |     2 ||     7
       Invisible         |       |       |       |     7 |     1 |     4 ||    12
       Confused          |       |       |       |     1 |    13 |     6 ||    20
       Paralysed         |       |       |       |       |     3 |       ||     3
       Petrifying        |       |       |       |       |     4 |       ||     4
Armor: Robe              |    23 |    46 |    40 |       |       |       ||   109
       Acid dragon scale |       |       |     8 |   161 |   266 |   267 ||   702
Dodge: Dodged            |    31 |    69 |   157 |   390 |   541 |   311 ||  1499
Block: Kite shield       |       |       |       |       |   283 |   630 ||   913

Levels and vault maps discovered:
D:1:      saegor_arrival_simple_a, layout_loops_ring,
          ebering_ecumenical_altar_rust
D:2:      layout_loops_cross
D:3:      layout_rooms, dk_noncrumbling_4, uniq_grinder, uniq_robin
D:4:      minmay_inner_zag, layout_loops_ring,
          mainiacjoe_overflow_catch_the_wave, serial_shops, shop
D:5:      layout_basic, lemuel_round_altar, minmay_temple_entry_antechambers,
          ebering_ghost_rock_garden, serial_shops, nicolae_stop_n_shop_1,
          minmay_bent
D:6:      layout_loops_cross, nicolae_figureground_pulse, uniq_blork_the_orc,
          uniq_menkaure
D:7:      corexii_shack_village, layout_basic, uniq_joseph, uniq_maggie
D:8:      minmay_chambers_of_sevens, layout_rooms, dpeg_lair_monsters
D:9:      layout_cave_pools, minitemple, serial_gnoll_camp,
          gnoll_camp_mini_house, gnoll_camp_medium_02, grums_kennel,
          gnoll_camp_huts_basic, minivault_1, uniq_gastronok, uniq_erolcha,
          uniq_harold
D:10:     layout_stronghold, minmay_orc_entry_temple_small,
          kennysheep_just_a_vault
D:11:     nrook_guardian_serpent_snake_passage, layout_cave_pods
D:12:     layout_basic, serial_rivers, chequers_serial_rivers_large_a,
          chequers_serial_rivers_micro_b, chequers_serial_rivers_small_b,
          chequers_serial_rivers_micro_d, chequers_serial_rivers_small_b,
          uniq_fannar, uniq_snorg
D:13:     layout_roguey, ebering_ghost_rock_garden, led_sif_book, uniq_lodul,
          uniq_maurice, uniq_nessos
D:14:     cheibrodos_shockbox, layout_loops_ring,
          skrybe_vaults_entry_preservation, serial_shops, bzr_entry_lakeside,
          hangedman_decor_slide_cut
D:15:     grunt_enter_depths_hoard, layout_loops_ring, minivault_27, uniq_agnes
Lair:1:   layout_chaotic_city, lemuel_old_faithful, uniq_amaemon
Lair:2:   layout_hall_layers, minmay_swamp_entry_swarm,
          spider_nest_entry_funnel_web
Lair:3:   layout_regular_city, serial_bayou_shore_b, uniq_sonja
Lair:4:   nzn_winding_woodlands_small
          [nzn_winding_woodlands_5x15_pathside_ponds,
          nzn_winding_woodlands_center_lodge,
          nzn_winding_woodlands_5x15_parted], layout_big_grid,
          gauntlet_entry_generic, serial_bayou_shore_a
Lair:5:   minmay_lair_end_frog_pond, layout_regular_city, slime_entry_1
Spider:1: layout_chambers, nicolae_spider_jagged_tunnels
Slime:1:  layout_caves, nicolae_slime_barrier
Slime:2:  layout_caves
Slime:3:  layout_caves
Slime:4:  layout_caves
Slime:5
Orc:1:    layout_diamond_mine, serial_shops, nicolae_shop_trees,
          lightli_church_of_beogh
Orc:2:    grunt_orc_gardens, layout_diamond_mine, grunt_orc_garden,
          grunt_orc_garden, grunt_orc_garden, grunt_orc_garden, serial_shops,
          bzr_in_the_mist, nicolae_shop_crystal, shop, shop, shop_fountains
Elf:1:    nicolae_elf_arrival_no_cutting_in_line, layout_rooms,
          infiniplex_enter_wizlab_glasses, portal_ice_cave_entry_dragon,
          minmay_elf_annihilation, st_stairs_12
Elf:2:    elven_hall_of_blades_hangedman_alternative
          [nicolae_blade_entry_hurt_lockers], layout_geoelf_diagonals,
          serial_shops, nicolae_shop_temple_entry_statues_fountains
Elf:3:    minmay_elf_hall_furrowed, layout_geoelf_diagonals, serial_shops,
          nicolae_shop_advertising_works [nicolae_subvault_shop_adworks],
          minmay_shop_grove
Vaults:1: v_alt_pattern_2, nicolae_vaults_border_crossing,
          hangedman_vaults_nails, v_misc_25, nicolae_vaults_little_squares_1,
          not_door_vault_due, v_misc_29, vaults_standard_mumra_lines,
          v_alt_pattern_3, layout_vaults_omnicross

Notes
Turn   | Place    | Note
-------+----------+-------------------------------------------
     0 | D:1      | demibob the Troll Chaos Knight began the quest for the Orb.
     0 | D:1      | Reached XP level 1. HP: 22/22 MP: 0/0
    84 | D:1      | Reached XP level 2. HP: 29/29 MP: 1/1
   193 | D:1      | Reached skill level 4 in Unarmed Combat
   249 | D:1      | Found a faded altar of an unknown god.
   262 | D:1      | Reached XP level 3. HP: 36/36 MP: 2/2
   424 | D:1      | XOM: silly message
  1158 | D:2      | XOM: noise
  1237 | D:3      | XOM: stealth player
  1264 | D:3      | Reached skill level 5 in Unarmed Combat
  1264 | D:3      | Reached XP level 4. HP: 36/44 MP: 1/3
  1414 | D:3      | Reached XP level 5. HP: 47/50 MP: 2/4
  1610 | D:3      | Reached skill level 6 in Unarmed Combat
  1611 | D:3      | Noticed Grinder
  1615 | D:3      | XOM: 5-stop teleportation journey
  1617 | D:3      | XOM: enchant monster (good)
  1619 | D:3      | Paralysed by Grinder for 3 turns
  1626 | D:3      | XOM: cast spell 'Summon Cactus Giant'
  1631 | D:3      | Killed Grinder
  1632 | D:3      | Reached skill level 7 in Unarmed Combat
  1632 | D:3      | Reached XP level 6. HP: 36/59 MP: 5/5
  1824 | D:3      | Noticed Robin
  1847 | D:3      | Killed Robin
  2090 | D:4      | XOM: god gift: 11 gold pieces
  2121 | D:4      | Found Mothiasm's Jewellery Emporium.
  2128 | D:4      | Found a hazy altar of Hepliaklqana.
  2163 | D:4      | Found a burning altar of Makhleb.
  2336 | D:4      | Reached skill level 8 in Unarmed Combat
  2389 | D:4      | XOM: divination: detect items
  2784 | D:5      | Entered Level 5 of the Dungeon
  2791 | D:4      | Reached XP level 7. HP: 54/66 MP: 4/6
  2840 | D:5      | Found a shimmering altar of Xom.
  2852 | D:5      | Found a runed translucent gate.
  2853 | D:5      | Found a runed translucent gate.
  2854 | D:5      | Found a runed translucent gate.
  2858 | D:5      | Noticed GiantSquids's ghost (novice VSBe)
  3262 | D:5      | Reached skill level 9 in Unarmed Combat
  3262 | D:5      | XOM: repel stairs
  3265 | D:5      | Found Jaklidd's Assorted Antiques.
  3323 | D:5      | Bought a scroll of identify for 62 gold pieces
  3323 | D:5      | Bought a scroll of identify for 62 gold pieces
  3323 | D:5      | Bought a scroll labelled HIAMY CIMUENT for 31 gold pieces
  3323 | D:5      | Bought a scroll labelled JEHEOR JUEFIMM for 31 gold pieces
  3323 | D:5      | Bought a viscous clear potion for 27 gold pieces
  3323 | D:5      | Bought a glowing cyan potion for 27 gold pieces
  3389 | D:5      | Reached XP level 8. HP: 66/74 MP: 5/7
  3390 | D:5      | XOM: cleaving
  3391 | D:5      | Reached skill level 10 in Unarmed Combat
  3437 | D:5      | Reached skill level 11 in Unarmed Combat
  3440 | D:5      | XOM: summons 3 hostile demons
  3457 | D:5      | Identified the +1 plate armour of Didifi {Dex+4}
  3547 | D:5      | Found a staircase to the Ecumenical Temple.
  3762 | D:6      | XOM: 2-stop teleportation journey
  3804 | D:6      | Noticed Menkaure
  3810 | D:6      | Killed Menkaure
  3913 | D:6      | XOM: 8-stop teleportation journey
  4027 | D:6      | XOM: 2-stop teleportation journey
  4170 | D:6      | Noticed Blork the orc
  4179 | D:6      | Killed Blork the orc
  4352 | D:7      | Reached skill level 12 in Unarmed Combat
  4395 | D:7      | Identified the +4 shortbow of Trauma {drain, rN+ Str+3
                  | Int+4 Stlth-}
  4419 | D:7      | Noticed Joseph
  4431 | D:7      | XOM: summons friendly crimson imp
  4436 | D:7      | Killed Joseph
  4437 | D:7      | Reached XP level 9. HP: 51/80 MP: 3/8
  4597 | D:7      | Reached skill level 13 in Unarmed Combat
  4655 | D:7      | XOM: divination: detect creatures
  4758 | D:7      | Noticed Maggie
  4767 | D:7      | Killed Maggie
  4768 | D:7      | Reached skill level 1 in Throwing
  4777 | D:7      | XOM: summons 2 hostile demons
  5026 | D:8      | Noticed a death yak
  5029 | D:8      | Noticed a death yak
  5031 | D:8      | Noticed a death yak
  5033 | D:8      | Reached skill level 2 in Throwing
  5045 | D:7      | Killed a death yak
  5046 | D:7      | Reached skill level 3 in Throwing
  5072 | D:7      | XOM: give mutation
  5072 | D:7      | Gained mutation: You occasionally lose the ability to drink
                  | potions when taking damage. [Xom's mischief]
  5106 | D:8      | XOM: divination: detect items
  5114 | D:8      | XOM: swap monsters
  5117 | D:8      | XOM: summons friendly quasit
  5126 | D:8      | XOM: torment (34/80 hp)
  5210 | D:8      | Reached XP level 10. HP: 88/88 MP: 9/9
  5247 | D:8      | Identified a potion of resistance
  5305 | D:8      | Killed a death yak
  5306 | D:8      | Reached skill level 4 in Throwing
  5306 | D:8      | Reached skill level 14 in Unarmed Combat
  5311 | D:8      | Killed a death yak
  5312 | D:8      | Reached skill level 5 in Throwing
  5447 | D:8      | Found a staircase to the Lair.
  5467 | D:8      | XOM: confusion
  5674 | D:8      | XOM: summons 2 friendly demons
  5681 | D:8      | Noticed a tengu warrior
  5683 | D:8      | Noticed a centaur warrior
  5689 | D:8      | Reached skill level 6 in Throwing
  5691 | D:8      | Killed a centaur warrior
  5694 | D:8      | Killed a tengu warrior
  5695 | D:8      | Reached skill level 15 in Unarmed Combat
  5697 | D:8      | XOM: summons 6 hostile demons
  5703 | D:8      | XOM: summons 5 friendly demons
  5714 | D:8      | Reached skill level 7 in Throwing
  5719 | D:8      | Reached XP level 11. HP: 51/94 MP: 2/10
  5877 | Lair:1   | Entered Level 1 of the Lair of Beasts
  5974 | Lair:1   | XOM: polymorph yak -> tarantella
  5993 | Lair:1   | XOM: stat loss: -1 Dex (12/13)
  5999 | Lair:1   | XOM: summons friendly white imp
  6119 | Lair:1   | XOM: give mutations
  6119 | Lair:1   | Gained mutation: Your magical capacity is low. (-10% MP)
                  | [Xom's mischief]
  6119 | Lair:1   | Gained mutation: Your body sometimes deteriorates upon
                  | taking damage. [Xom's mischief]
  6119 | Lair:1   | Lost mutation: Your body sometimes deteriorates upon taking
                  | damage. [Xom's mischief]
  6152 | Lair:1   | XOM: god gift: hat {god gift}
  6235 | D:9      | XOM: confuse monster(s)
  6361 | D:9      | XOM: cast spell 'Discord'
  6376 | D:9      | Noticed Erolcha
  6384 | D:9      | Killed Erolcha
  6385 | D:9      | Reached skill level 8 in Throwing
  6395 | D:9      | XOM: god gift: 40 gold pieces
  6447 | D:9      | Noticed Grum
  6457 | D:9      | Killed Grum
  6551 | D:9      | Lost mutation: You occasionally lose the ability to drink
                  | potions when taking damage. [potion of mutation]
  6551 | D:9      | Lost mutation: Your magical capacity is low. (-10% MP)
                  | [potion of mutation]
  6551 | D:9      | Gained mutation: You have hidden genetic defects. [potion
                  | of mutation]
  6551 | D:9      | Gained mutation: You occasionally lose the ability to drink
                  | potions when taking damage. [potion of mutation]
  6551 | D:9      | Lost mutation: You have hidden genetic defects. [potion of
                  | mutation]
  6552 | D:9      | Lost mutation: You occasionally lose the ability to drink
                  | potions when taking damage. [potion of mutation]
  6552 | D:9      | Gained mutation: Your flesh is cold resistant. (rC+)
                  | [potion of mutation]
  6552 | D:9      | Gained mutation: Your mind is acute. (Int +4, Str/Dex -1)
                  | [potion of mutation]
  6573 | D:9      | Noticed Harold
  6574 | D:9      | XOM: summons 4 friendly demons
  6579 | D:9      | XOM: repel stairs
  6583 | D:9      | Noticed Gastronok
  6583 | D:9      | XOM: swap monsters
  6594 | D:9      | Killed Harold
  6663 | D:9      | Reached skill level 16 in Unarmed Combat
  6671 | D:9      | XOM: give mutation
  6671 | D:9      | Gained mutation: You are clumsy. (Dex -2) [Xom's mischief]
  6699 | D:9      | XOM: 1-stop teleportation journey
  6730 | D:9      | XOM: chaos upgrade
  6736 | D:9      | XOM: polymorph gnoll -> endoplasm
  6748 | D:9      | XOM: summons 4 friendly demons
  6756 | D:9      | Killed Gastronok
  6757 | D:9      | Reached skill level 9 in Throwing
  6908 | D:9      | XOM: silly message
  7282 | D:9      | Found a bloodstained altar of Trog.
  7385 | D:9      | Found a sparkling altar of Nemelex Xobeh.
  7389 | D:9      | Found a white marble altar of Elyvilon.
  7390 | D:9      | Found an opulent altar of Gozag.
  7391 | D:9      | Found a snail-covered altar of Cheibriados.
  7392 | D:9      | Found a shimmering blue altar of Sif Muna.
  7423 | D:10     | Entered Level 10 of the Dungeon
  7677 | D:10     | XOM: silly message
  7681 | D:10     | Noticed a two-headed ogre
  7692 | D:10     | Killed a two-headed ogre
  7693 | D:10     | Reached skill level 3 in Fighting
  7923 | D:10     | Noticed a two-headed ogre
  7924 | D:10     | XOM: summons 11 friendly demons
  7929 | D:10     | Killed a two-headed ogre
  7950 | D:10     | Noticed a fire dragon
  7950 | D:10     | XOM: summons 2 friendly demons
  7950 | D:10     | XOM: butterfly on damage
  7950 | D:10     | XOM: smoke on damage
  7970 | D:10     | Killed a fire dragon
  7971 | D:10     | Reached XP level 12. HP: 57/107 MP: 3/11
  8154 | D:10     | Noticed a two-headed ogre
  8163 | D:10     | Killed a two-headed ogre
  8164 | D:10     | Reached skill level 4 in Fighting
  8186 | D:10     | XOM: divination: magic mapping
  8283 | D:10     | Found a staircase to the Orcish Mines.
  8316 | D:10     | XOM: fog
  8541 | D:11     | XOM: polymorph yak -> rime drake
  8665 | D:11     | XOM: give mutations
  8665 | D:11     | Lost mutation: You are clumsy. (Dex -2) [Xom's grace]
  8665 | D:11     | Gained mutation: You are agile. (Dex +4, Str/Int -1) [Xom's
                  | grace]
  8714 | D:11     | XOM: 6-stop teleportation journey
  8715 | D:11     | Noticed a two-headed ogre
  8727 | D:11     | Noticed a two-headed ogre
  8728 | D:11     | Killed a two-headed ogre
  8729 | D:11     | Reached skill level 5 in Fighting
  8729 | D:11     | Reached skill level 17 in Unarmed Combat
  8741 | D:11     | Killed a two-headed ogre
  8784 | D:11     | XOM: god gift: 3 scrolls of vulnerability
  8817 | D:11     | XOM: cleaving
  8890 | D:11     | XOM: god gift: flail {god gift}
  8905 | D:11     | XOM: god gift: chain mail {god gift}
  8911 | D:11     | XOM: polymorph manticore -> glowing shapeshifter
  9215 | D:11     | XOM: cleaving
  9221 | D:11     | XOM: god gift: potion of resistance
  9254 | D:11     | Identified the +5 great sword of Duetanoish {vamp, rElec
                  | rPois}
  9451 | Lair:1   | XOM: cloud trail
  9466 | Lair:1   | Noticed Amaemon
  9470 | Lair:1   | XOM: summons friendly white imp
  9474 | Lair:1   | XOM: summons friendly white imp
  9484 | Lair:1   | Amaemon changed into Amaemon the tengu
  9484 | Lair:1   | Noticed Amaemon
  9490 | Lair:1   | Killed Amaemon the tengu
  9566 | Lair:1   | XOM: potion effect (invisibility)
  9575 | Lair:1   | Reached skill level 6 in Fighting
  9607 | Lair:1   | You fall into a shaft and drop 1 floor!
  9616 | Lair:2   | Found a staircase to the Swamp.
  9626 | Lair:2   | Noticed an eight-headed hydra
  9666 | Lair:2   | Found a hole to the Spider Nest.
  9677 | Lair:2   | Noticed a four-headed hydra
  9693 | Lair:2   | Noticed a death yak
  9824 | Lair:1   | XOM: divination: magic mapping
 10030 | Lair:1   | XOM: scenery: summon butterflies
 10164 | D:12     | XOM: cloud trail
 10274 | D:12     | Noticed a boulder beetle
 10280 | D:12     | XOM: cast spell 'Dispersal'
 10432 | D:12     | Noticed Fannar
 10439 | D:12     | Killed Fannar
 10440 | D:12     | Reached skill level 7 in Fighting
 10533 | D:12     | XOM: silly message
 10536 | D:12     | Killed a boulder beetle
 10732 | D:12     | XOM: polymorph slime creature -> shapeshifter
 10734 | D:12     | XOM: polymorph blink frog -> shapeshifter
 10845 | D:12     | Noticed Snorg
 10848 | D:12     | XOM: chaos cloud
 10855 | D:12     | XOM: blink monster(s)
 10949 | D:12     | XOM: 2-stop teleportation journey
 10978 | D:13     | Noticed Lodul
 11002 | D:13     | Reached skill level 18 in Unarmed Combat
 11002 | D:13     | Reached XP level 13. HP: 87/124 MP: 8/12
 11011 | D:13     | XOM: divine lightning
 11012 | D:13     | XOM: enchant monster (bad)
 11022 | D:13     | XOM: confusion (+ monsters)
 11029 | D:13     | XOM: confusion
 11031 | D:13     | Killed Lodul
 11112 | D:13     | XOM: polymorph cyclops -> sea snake
 11121 | D:13     | XOM: silly message
 11184 | D:13     | XOM: confusion (+ monsters)
 11192 | D:13     | XOM: 1-stop teleportation journey
 11212 | D:13     | XOM: scenery: 2 doors open, 1 doors close
 11213 | D:13     | Noticed Maurice
 11227 | D:13     | XOM: confuse monster(s)
 11295 | D:13     | Reached skill level 8 in Fighting
 11383 | D:13     | XOM: confuse monster(s)
 11423 | D:13     | Noticed Nessos
 11424 | D:13     | Nessos changed into Nessos the eye of devastation
 11424 | D:13     | Noticed Nessos
 11426 | D:13     | XOM: enchant monster (good)
 11427 | D:13     | Killed Nessos the eye of devastation
 11475 | D:13     | XOM: 1-stop teleportation journey
 11543 | D:13     | Found a shimmering blue altar of Sif Muna.
 11595 | D:13     | XOM: noise
 11729 | D:13     | XOM: cast spell 'Summon Small Mammal'
 11731 | D:13     | Killed Maurice
 11753 | D:13     | Found a runed translucent gate.
 11758 | D:13     | Found a runed translucent gate.
 11759 | D:13     | Found a runed translucent gate.
 11759 | D:13     | Noticed Nialiw's ghost (journeyman GnHu)
 11782 | D:13     | Killed Nialiw's ghost
 12123 | Lair:2   | Reached skill level 10 in Throwing
 12163 | Lair:1   | XOM: summons 5 friendly demons
 12327 | Lair:2   | XOM: noise
 12572 | Lair:2   | XOM: silly message
 12650 | Lair:2   | XOM: god gift: scale mail {god gift}
 12776 | Lair:2   | XOM: give mutation
 12776 | Lair:2   | Gained mutation: You expend magic power (3 MP) to
                  | strengthen your wands. [Xom's grace]
 12871 | Lair:2   | Reached skill level 19 in Unarmed Combat
 12908 | Lair:2   | XOM: summons 3 friendly demons
 13202 | Lair:3   | XOM: confuse monster(s)
 13351 | Lair:3   | XOM: blink monster(s)
 13368 | Lair:3   | Reached skill level 11 in Throwing
 13467 | Lair:3   | XOM: polymorph blink frog -> hornet
 13729 | Lair:3   | XOM: confuse monster(s)
 13734 | Lair:3   | Reached XP level 14. HP: 132/136 MP: 11/13
 13769 | Lair:3   | Noticed Sonja
 13774 | Lair:3   | Killed Sonja
 13882 | Lair:3   | XOM: silly message
 14241 | Lair:4   | Found a gate leading to a gauntlet.
 14250 | Gauntlet | Entered a Gauntlet
 14250 | Gauntlet | Found a transporter.
 14250 | Gauntlet | Found a transporter.
 14250 | Gauntlet | Found a transporter.
 14263 | Gauntlet | Found a transporter.
 14263 | Gauntlet | Found a transporter.
 14274 | Gauntlet | Found a transporter.
 14275 | Gauntlet | Found a transporter.
 14282 | Gauntlet | Found a transporter.
 14300 | Gauntlet | Found a transporter.
 14306 | Gauntlet | Found a transporter.
 14307 | Gauntlet | Found a runed translucent door.
 14308 | Gauntlet | Found a transporter.
 14319 | Gauntlet | Found a transporter.
 14529 | Gauntlet | Identified a scarf of resistance
 14591 | Gauntlet | Identified the ring of Dofeto {rF+ Slay+3}
 14602 | Gauntlet | XOM: potion effect (haste)
 14612 | Gauntlet | XOM: scenery: 1 doors close
 14625 | Gauntlet | Identified the +1 leather armour "Wiler" {rElec}
 14741 | Lair:4   | XOM: god gift: scroll of immolation
 14776 | Lair:4   | XOM: divination: detect items
 14949 | Lair:4   | XOM: noise
 15274 | Lair:4   | XOM: silly message
 15534 | Lair:5   | Entered Level 5 of the Lair of Beasts
 15534 | Lair:5   | Found a staircase to the Slime Pits.
 15534 | Lair:5   | Found a viscous altar of Jiyva.
 15574 | Lair:4   | XOM: cast spell 'Call Canine Familiar'
 15575 | Lair:4   | XOM: enchant monster (good)
 15650 | Lair:5   | XOM: potion effect (haste)
 15662 | Lair:4   | Reached skill level 20 in Unarmed Combat
 15687 | Lair:5   | XOM: enchant monster (good)
 15737 | Lair:5   | Reached skill level 9 in Fighting
 15873 | Lair:5   | XOM: potion effect (heal wounds)
 15909 | Lair:5   | XOM: cast spell 'Summon Small Mammal'
 15911 | Lair:5   | XOM: summons 3 friendly demons
 15932 | Lair:5   | XOM: divination: detect creatures
 16091 | Lair:5   | XOM: cast spell 'Monstrous Menagerie'
 16191 | Lair:5   | XOM: noise
 16423 | Lair:5   | XOM: summons 2 friendly demons
 16424 | Lair:5   | XOM: noise
 16428 | Lair:5   | XOM: cast spell 'Call Canine Familiar'
 16698 | Lair:5   | Got the Grimoire of Summoned Shapes
 16702 | Lair:5   | Identified the +6 lajatang of Conscience {flame, Int+4
                  | Dex+4}
 16944 | Orc:1    | Entered Level 1 of the Orcish Mines
 17110 | Orc:2    | Entered Level 2 of the Orcish Mines
 17110 | Orc:2    | Found Suowelio's Antique Weapon Shop.
 17113 | Orc:2    | Found Ruanemidgh's Weapon Boutique.
 17118 | Orc:2    | Found Selluud's General Store.
 17139 | Orc:2    | Found Peopuataha's Antique Weapon Boutique.
 17139 | Orc:2    | Noticed an orc warlord
 17142 | Orc:2    | Found Agiapn's Book Shop.
 17146 | Orc:2    | XOM: silly message
 17148 | Orc:2    | XOM: potion effect (brilliance)
 17180 | Orc:1    | Found Iwum Zye's Magic Scroll Boutique.
 17197 | Orc:1    | Reached skill level 10 in Fighting
 17212 | Orc:1    | Reached XP level 15. HP: 50/149 MP: 3/14
 17224 | Orc:1    | XOM: silly message
 17333 | Orc:1    | Bought a scroll of blinking for 75 gold pieces
 17425 | Orc:2    | XOM: confuse monster(s)
 17446 | Orc:2    | Found Byqi's Jewellery Shop.
 17447 | Orc:2    | Found a staircase to the Elven Halls.
 17452 | Orc:2    | XOM: god gift: 3 boomerangs
 17462 | Orc:2    | XOM: confuse monster(s)
 17468 | Orc:2    | XOM: cast spell 'Summon Horrible Things'
 17497 | Orc:2    | Found a flickering gateway to a bazaar.
 17499 | Orc:2    | Found Lumuch's Jewellery Emporium.
 17508 | Bazaar   | Entered a bazaar
 17539 | Bazaar   | Found Cocu's General Store.
 17545 | Bazaar   | Found Jaqy's General Store.
 17550 | Bazaar   | Found Fisuq's Jewellery Shoppe.
 17564 | Bazaar   | XOM: god gift: Xom's Folio of Urgency {god gift}
 17565 | Bazaar   | Got Xom's Folio of Urgency {god gift}
 17590 | Bazaar   | Found Cesul's Magic Scroll Emporium.
 17597 | Bazaar   | Bought a scroll of blinking for 67 gold pieces
 17597 | Bazaar   | Bought a scroll of blinking for 67 gold pieces
 17642 | Orc:2    | Found Bealeet's Antique Armour Shoppe.
 17779 | Orc:2    | Bought a scroll of blinking for 90 gold pieces
 17839 | Orc:2    | Bought a runed kite shield for 202 gold pieces
 17897 | Orc:2    | XOM: 8-stop teleportation journey
 18029 | Orc:2    | XOM: god gift: pair of glowing gloves {god gift}
 18044 | Orc:2    | XOM: confuse monster(s)
 18050 | Orc:2    | Reached skill level 1 in Shields
 18325 | Lair:5   | Reached skill level 2 in Shields
 18327 | Lair:5   | Fell from the grace of Xom
 18327 | Lair:5   | Became a worshipper of Jiyva Juemeczu the Shapeless
 19981 | Orc:2    | Bought the ring of Greed {Drain rPois rF+ rC+} for 526 gold
                  | pieces
 19981 | Orc:2    | Bought a ring of the Octopus King {HP+2 AC+2 EV+2 SH+2
                  | SInv} for 719 gold pieces
 19981 | Orc:2    | Found the ring of the Octopus King {HP+2 AC+2 EV+2 SH+2
                  | SInv}
 20080 | Orc:1    | Found a runed translucent door.
 20249 | Orc:1    | Identified the +5 spear "Othreemui" {flame, rN+ Int+2
                  | Dex-2}
 20674 | D:14     | Found a gate to the Vaults.
 20863 | D:14     | Reached skill level 3 in Shields
 20895 | D:14     | Found a flickering gateway to a bazaar.
 20905 | Bazaar   | Entered a bazaar
 20997 | Bazaar   | Found Laavva's Assorted Antiques.
 21013 | Bazaar   | Found Wuuvig's Antique Armour Emporium.
 21013 | Bazaar   | Found Uqia's Assorted Antiques.
 21035 | Bazaar   | Found Deats's Jewellery Emporium.
 21051 | Bazaar   | Found Wuxocixe's Jewellery Shoppe.
 21130 | Bazaar   | Bought a scroll labelled DUAHE HASUNYI for 25 gold pieces
 21279 | D:14     | Reached skill level 4 in Shields
 21487 | D:14     | Reached skill level 5 in Shields
 21574 | D:14     | Found a runed translucent door.
 21667 | D:14     | Reached skill level 6 in Shields
 21865 | D:14     | Reached * piety under Jiyva
 21923 | D:14     | XOM: polymorph jelly -> killer bee
 22033 | D:14     | XOM: summons 4 hostile demons
 22242 | D:15     | Entered Level 15 of the Dungeon
 22538 | D:15     | Reached ** piety under Jiyva
 22559 | D:15     | Reached skill level 7 in Shields
 22661 | D:15     | Noticed Agnes
 22669 | D:15     | Killed Agnes
 22726 | D:15     | XOM: stat loss: -2 Str (20/22)
 22897 | D:15     | Reached skill level 8 in Shields
 22945 | D:15     | XOM: give mutations
 22945 | D:15     | Gained mutation: You have a beak for a mouth. [Xom's
                  | mischief]
 22945 | D:15     | Gained mutation: You are somewhat resistant to further
                  | mutation. [Xom's mischief]
 22945 | D:15     | Gained mutation: Armour fits poorly on your strangely
                  | shaped body. [Xom's mischief]
 23021 | D:15     | Found a staircase to the Depths.
 23022 | D:15     | XOM: give mutation
 23022 | D:15     | Lost mutation: Your flesh is cold resistant. (rC+) [Xom's
                  | mischief]
 23283 | Elf:1    | Entered Level 1 of the Elven Halls
 23381 | Elf:1    | You fall into a shaft and drop 1 floor!
 23400 | Elf:2    | Reached skill level 9 in Shields
 23457 | Elf:2    | HP: 7/154 [earth elemental[a deep elf elementalist] (20)]
 23536 | Elf:1    | Reached *** piety under Jiyva
 23557 | Elf:1    | XOM: noise
 23580 | Elf:1    | Reached XP level 16. HP: 59/159 MP: 10/15
 23588 | Elf:1    | Reached skill level 10 in Shields
 23661 | Elf:1    | XOM: blink monster(s)
 23746 | Elf:1    | Found a frozen archway.
 23754 | IceCv    | Entered an ice cave
 23827 | IceCv    | Reached skill level 1 in Armour
 23887 | IceCv    | XOM: god gift: plate armour {god gift}
 23949 | IceCv    | Reached skill level 2 in Armour
 23971 | IceCv    | Identified a +2 leather armour of resistance
 24048 | IceCv    | Reached skill level 3 in Armour
 24087 | IceCv    | Found an ancient bone altar of Kikubaaqudgha.
 24154 | IceCv    | Lost mutation: You are somewhat resistant to further
                  | mutation. [Jiyva's grace]
 24154 | IceCv    | Lost mutation: You expend magic power (3 MP) to strengthen
                  | your wands. [Jiyva's grace]
 24154 | IceCv    | Gained mutation: Your mind is very acute. (Int +8, Str/Dex
                  | -2) [Jiyva's grace]
 24154 | IceCv    | Gained mutation: You expend magic power (3 MP) to
                  | strengthen your wands. [Jiyva's grace]
 24154 | IceCv    | Gained mutation: Your muscles are strong. (Str +4, Int/Dex
                  | -1) [Jiyva's grace]
 24154 | IceCv    | Gained mutation: Your muscles are very strong. (Str +8,
                  | Int/Dex -2) [Jiyva's grace]
 24188 | IceCv    | Noticed a lich
 24204 | IceCv    | Reached skill level 11 in Fighting
 24212 | IceCv    | Killed a lich
 24213 | IceCv    | XOM: enchant monster (bad)
 24289 | IceCv    | Identified the +2 sling of Fortitude {freeze, Int-4 Dex+5}
 24488 | Elf:1    | Reached skill level 4 in Armour
 24540 | Elf:1    | XOM: noise
 24547 | Elf:1    | Got the Tractate on Bolts
 24695 | Elf:1    | Reached **** piety under Jiyva
 24834 | Elf:1    | XOM: divination: detect creatures
 24969 | Elf:2    | Reached skill level 5 in Armour
 25091 | Elf:2    | Identified the +0 spear of the Open Hand {protect, rC+}
 25189 | Elf:2    | Found Omunum's Jewellery Boutique.
 25311 | Elf:2    | Reached skill level 12 in Fighting
 25322 | Elf:2    | Found a huge runed translucent gate.
 25322 | Elf:2    | Found a huge runed translucent gate.
 25322 | Elf:2    | Found a huge runed translucent gate.
 25323 | Elf:2    | Found a huge runed translucent gate.
 25326 | Elf:2    | Found a huge runed translucent gate.
 25414 | Elf:3    | Entered Level 3 of the Elven Halls
 25421 | Elf:3    | Reached skill level 6 in Armour
 25516 | Elf:3    | Found Fyrujapa's Assorted Antiques.
 25621 | Elf:3    | You are cast into the Abyss!
 25621 | Abyss:3  | Cast into level 3 of the Abyss (a deep elf sorcerer)
 25673 | Abyss:3  | Noticed an Executioner
 25675 | Abyss:3  | Noticed a profane servitor
 25693 | Abyss:3  | Reached XP level 17. HP: 172/172 MP: 16/16
 25897 | Abyss:3  | Reached skill level 2 in Dodging
 25929 | Abyss:3  | Killed a profane servitor
 25991 | Abyss:3  | Reached ***** piety under Jiyva
 26044 | Abyss:3  | Gained mutation: You are vulnerable to cold. (rC-) [a
                  | cacodemon]
 26047 | Abyss:3  | XOM: polymorph cacodemon -> lorocyproca
 26068 | Abyss:3  | Found a corrupted altar of Lugonu.
 26133 | Abyss:3  | Noticed a bone dragon
 26160 | Abyss:3  | Killed a bone dragon
 26175 | Abyss:3  | Reached skill level 3 in Dodging
 26295 | Abyss:3  | Lost mutation: Your mind is very acute. (Int +8, Str/Dex
                  | -2) [Jiyva's grace]
 26295 | Abyss:3  | Lost mutation: Armour fits poorly on your strangely shaped
                  | body. [Jiyva's grace]
 26295 | Abyss:3  | Lost mutation: Your muscles are very strong. (Str +8,
                  | Int/Dex -2) [Jiyva's grace]
 26295 | Abyss:3  | Lost mutation: You are vulnerable to cold. (rC-) [Jiyva's
                  | grace]
 26295 | Abyss:3  | Gained mutation: Your body has grown eyes which may confuse
                  | attackers. (Acc +3) [Jiyva's grace]
 26295 | Abyss:3  | Gained mutation: Your body has grown many eyes which may
                  | confuse attackers. (Acc +5) [Jiyva's grace]
 26295 | Abyss:3  | Gained mutation: Your body is covered in eyes which may
                  | confuse attackers. (Acc +7, SInv) [Jiyva's grace]
 26295 | Abyss:3  | Gained mutation: You are partially covered in iridescent
                  | scales. (AC +2) [Jiyva's grace]
 26450 | Abyss:3  | XOM: give mutations
 26450 | Abyss:3  | Lost mutation: Your mind is acute. (Int +4, Str/Dex -1)
                  | [Xom's mischief]
 26450 | Abyss:3  | Lost mutation: You are agile. (Dex +4, Str/Int -1) [Xom's
                  | mischief]
 26450 | Abyss:3  | Lost mutation: Your body is covered in eyes which may
                  | confuse attackers. (Acc +7, SInv) [Xom's mischief]
 26450 | Abyss:3  | Lost mutation: Your body has grown many eyes which may
                  | confuse attackers. (Acc +5) [Xom's mischief]
 26616 | Elf:3    | You pass through the gate.
 26616 | Elf:3    | Escaped the Abyss
 26724 | Elf:1    | XOM: 3-stop teleportation journey
 26828 | D:10     | XOM: 4-stop teleportation journey
 26941 | Spider:1 | Entered Level 1 of the Spider Nest
 26964 | Spider:1 | Reached skill level 4 in Dodging
 26973 | Spider:1 | XOM: enchant monster (good)
 27091 | Spider:1 | XOM: 1-stop teleportation journey
 27172 | Spider:1 | XOM: 3-stop teleportation journey
 27196 | Spider:1 | XOM: summons 2 hostile demons
 27293 | Spider:1 | Reached skill level 13 in Fighting
 27316 | Spider:1 | Reached skill level 5 in Dodging
 27352 | Spider:1 | XOM: stat loss: -2 Dex (12/14)
 27500 | Spider:1 | Reached ****** piety under Jiyva
 28276 | Slime:1  | Entered Level 1 of the Pits of Slime
 28293 | Slime:3  | Noticed an acid blob
 28298 | Slime:4  | Noticed an acid blob
 28316 | Slime:5  | Entered Level 5 of the Pits of Slime
 28316 | Slime:5  | Noticed an acid blob
 28335 | Slime:5  | Noticed an acid blob
 28337 | Slime:5  | Found a viscous altar of Jiyva.
 28337 | Slime:5  | Noticed an acid blob
 28341 | Slime:5  | Noticed the Royal Jelly
 28342 | Slime:5  | Noticed an acid blob
 28343 | Slime:5  | Noticed an acid blob
 28343 | Slime:5  | Noticed an acid blob
 28348 | Slime:5  | Got the Precepts of Accompaniment and Pyromania
 28351 | Slime:5  | Got a slimy rune of Zot
 28360 | Slime:5  | Identified the +3 trident of the Middle {speed, *Noise
                  | rPois MP-9 Str+9}
 28362 | Slime:5  | Identified the +1 dire flail of the Sugar Beet {heavy,
                  | Dex+2}
 28389 | Slime:5  | Noticed an acid blob
 28393 | Slime:5  | Noticed an acid blob
 28659 | Vaults:1 | Entered Level 1 of the Vaults
 28819 | Vaults:1 | XOM: stat loss: -3 Str (25/28)
 28819 | Vaults:1 | Was forgiven by Xom
 28855 | Vaults:1 | Lost mutation: You have a beak for a mouth. [Jiyva's grace]
 28855 | Vaults:1 | Lost mutation: Your muscles are strong. (Str +4, Int/Dex
                  | -1) [Jiyva's grace]
 28855 | Vaults:1 | Lost mutation: Your body has grown eyes which may confuse
                  | attackers. (Acc +3) [Jiyva's grace]
 28855 | Vaults:1 | Gained mutation: You are resistant to electric shocks.
                  | (rElec) [Jiyva's grace]
 28855 | Vaults:1 | Gained mutation: You have hidden genetic potential.
                  | [Jiyva's grace]
 28855 | Vaults:1 | Gained mutation: You have great hidden genetic potential.
                  | [Jiyva's grace]
 28855 | Vaults:1 | Gained mutation: Your rubbery body absorbs attacks. (AC +1,
                  | EV +1) [Jiyva's grace]
 29070 | Vaults:1 | Reached skill level 6 in Dodging
 29333 | Vaults:1 | Found a huge runed gate.
 29333 | Vaults:1 | Found a huge runed gate.
 29333 | Vaults:1 | Found a huge runed gate.
 29333 | Vaults:1 | Found a huge runed gate.
 29333 | Vaults:1 | Found a huge runed gate.
 29333 | Vaults:1 | Found a huge runed gate.
 29333 | Vaults:1 | Found a huge runed gate.
 29334 | Vaults:1 | Found a huge runed gate.
 29334 | Vaults:1 | Found a huge runed gate.
 29334 | Vaults:1 | Found a huge runed gate.
 29341 | Vaults:1 | Found a huge runed gate.
 29341 | Vaults:1 | Found a huge runed gate.
 29341 | Vaults:1 | Found a huge runed gate.
 29341 | Vaults:1 | Found a huge runed gate.
 29341 | Vaults:1 | Found a huge runed gate.
 29341 | Vaults:1 | Found a huge runed gate.
 29342 | Vaults:1 | Found a huge runed gate.
 29343 | Vaults:1 | Found a huge runed gate.
 29344 | Vaults:1 | Found a huge runed gate.
 29352 | Vaults:1 | Found a huge runed gate.
 29352 | Vaults:1 | Found a huge runed gate.
 29352 | Vaults:1 | Found a huge runed gate.
 29352 | Vaults:1 | Found a huge runed gate.
 29352 | Vaults:1 | Found a huge runed gate.
 29352 | Vaults:1 | Found a huge runed gate.
 29353 | Vaults:1 | Found a huge runed gate.
 29354 | Vaults:1 | Found a huge runed gate.
 29355 | Vaults:1 | Found a huge runed gate.
 29363 | Vaults:1 | Found a huge runed gate.
 29363 | Vaults:1 | Found a huge runed gate.
 29363 | Vaults:1 | Found a huge runed gate.
 29363 | Vaults:1 | Found a huge runed gate.
 29363 | Vaults:1 | Found a huge runed gate.
 29363 | Vaults:1 | Found a huge runed gate.
 29364 | Vaults:1 | Found a huge runed gate.
 29365 | Vaults:1 | Found a huge runed gate.
 29726 | Vaults:1 | Reached skill level 7 in Dodging
 29781 | Vaults:1 | HP: 14/181 [hell knight/+4 demon blade of flaming (18)]
 29910 | Vaults:1 | Reached skill level 14 in Fighting
 30349 | Vaults:1 | Noticed a hellephant
 30350 | Vaults:1 | Noticed a hellephant
 30376 | Vaults:1 | HP: 11/182 [hell knight/+3 demon trident (20)]
 30376 | Vaults:1 | Slain by a hellephant

Vanquished Creatures
  A profane servitor (Abyss:3)
  A bone dragon (Abyss:3)
  A lich (IceCv)
  A tentacled starspawn (Abyss:3)
  Gastronok (D:9)
  Agnes (D:15)
  4 vault wardens (Vaults:1)
  2 deep elf sorcerers (Elf:3)
  An orc warlord (Orc:2)
  The ghost of Nialiw the Quickloader, a journeyman GnHu of Okawaru (D:13)
  A deep elf elementalist (Elf:2)
  A very ugly thing (IceCv)
  4 ironbound preservers
  A broodmother (Spider:1)
  A deep elf annihilator (Elf:1)
  A dire elephant (Gauntlet)
  A minotaur (Gauntlet)
  A spark wasp (Spider:1)
  2 yaktaur captains (Vaults:1)
  2 fire dragons
  4 entropy weavers (Spider:1)
  Fannar (D:12)
  Harold (D:9)
  Erolcha (D:9)
  2 ice dragons
  5 hydras
  A jorogumo (Spider:1)
  2 ironbound frosthearts (Vaults:1)
  2 radroaches (Spider:1)
  A catoblepas (Lair:5)
  8 boulder beetles
  3 centaur warriors
  7 two-headed ogres
  A death knight (D:14)
  9 dancing weapons
  A tengu warrior (D:8)
  4 death yaks
  6 orc high priests
  5 hell knights (Vaults:1)
  A vampire mage (Abyss:3)
  Sonja (Lair:3)
  13 deep elf knights
  8 skeletal warriors
  A sixfirhy (Abyss:3)
  2 steelbarb worms (Spider:1)
  Lodul (D:13)
  A pharaoh ant (Spider:1)
  5 orb spiders (Spider:1)
  A flayed ghost (Abyss:3)
  7 deep trolls (Vaults:1)
  A sea snake (D:13)
  A wizard (Vaults:1)
  4 bog bodies (IceCv)
  3 ironbound convokers (Vaults:1)
  An obsidian statue (IceCv)
  3 spriggan simulacra (IceCv)
  6 deep elf archers
  3 lindwurms (Vaults:1)
  A necromancer (IceCv)
  3 orc knights (Orc:2)
  2 orc sorcerers
  20 deep elf zephyrmancers
  25 deep elf pyromancers
  5 wolf spiders
  3 manticores
  15 ugly things
  6 cyclopes
  A moth of wrath (Spider:1)
  A vault sentinel (Vaults:1)
  2 guardian serpents (D:11)
  5 black mambas
  5 elephants
  Maurice (D:13)
  13 cane toads
  Joseph (D:7)
  A torpor snail (Lair:2)
  An eye of devastation (D:13)
  5 large abominations (Abyss:3)
  3 smoke demons (Abyss:3)
  An orange demon (Lair:1)
  A gargoyle (D:13)
  2 unseen horrors
  Maggie (D:7)
  An efreet (Abyss:3)
  An unseen horror (shapeshifter) (D:15)
  A rime drake (shapeshifter) (Elf:1)
  7 rime drakes
  9 yaktaurs (Vaults:1)
  A kobold demonologist (D:14)
  8 komodo dragons
  3 anaconda simulacra (IceCv)
  2 ice devils (IceCv)
  14 freezing wraiths
  An ancient zyme (Abyss:3)
  A hornet (Lair:3)
  A troll (shapeshifter) (Elf:1)
  10 trolls
  A queen bee (shapeshifter) (D:12)
  11 tarantellas
  3 polar bears
  10 meliai
  3 tyrant leeches (Lair:5)
  4 raiju (Abyss:3)
  Grinder (D:3)
  A hornet (shapeshifter) (Elf:1)
  4 dream sheep (Lair:3)
  31 blink frogs
  5 slime creatures
  2 shadows
  2 jumping spiders
  An ettin skeleton (Abyss:3)
  A wyvern (D:11)
  4 dire elephant simulacra (IceCv)
  A vampire (D:13)
  5 culicivoras (Spider:1)
  4 water elementals
  3 wraiths
  3 fire elementals
  50 yaks
  A steam dragon (D:9)
  13 vampire mosquitoes
  7 basilisks
  3 chaos spawn
  3 harpy simulacra (IceCv)
  Grum (D:9)
  Menkaure (D:6)
  11 redbacks
  2 neqoxecs
  3 wargs
  An acid dragon (D:8)
  A minotaur simulacrum (IceCv)
  16 water moccasins
  A hydra simulacrum (IceCv)
  30 orc warriors
  A black bear (D:5)
  4 ettin simulacra (IceCv)
  4 small abominations (Abyss:3)
  2 sky beasts (D:8)
  11 ogres
  3 starcursed masses (Abyss:3)
  A tengu (Lair:1)
  4 alligator simulacra (IceCv)
  6 wolves
  4 boggarts (Vaults:1)
  10 centaurs
  3 phantoms (D:5)
  4 kobold brigands
  Blork the orc (D:6)
  An earth elemental (Elf:1)
  5 gnoll sergeants (D:9)
  19 bullfrogs
  2 necrophages
  2 scorpions
  A wight (D:8)
  6 killer bees
  5 lindwurm simulacra (IceCv)
  3 electric eels
  2 howler monkeys (D:9)
  13 hounds
  4 gnoll boudas
  5 jellies
  15 orc priests
  2 iguanas
  29 orc wizards
  4 hell rats
  Robin (D:3)
  40 gnolls
  A river rat (D:8)
  4 adders
  A shadow imp (D:7)
  2 white imps (D:5)
  4 dart slugs
  2 worms
  77 orcs
  4 ball pythons
  10 endoplasms
  2 giant cockroaches
  17 goblins
  17 hobgoblins
  4 jackals (D:9)
  3 quokkas
  3 bats
  2 frilled lizards
  24 kobolds
  8 rats
986 creatures vanquished.

Vanquished Creatures (collateral kills)
  A vault warden (Vaults:1)
  An orc high priest (Orc:2)
  3 hell knights (Vaults:1)
  A yaktaur (Vaults:1)
  A hornet (D:9)
  A blink frog (Lair:5)
  A yak (D:8)
  A black bear (D:5)
  An orc warrior (Orc:2)
  An ogre (D:5)
  A gnoll sergeant (D:9)
  2 killer bees (D:9)
  A hound (D:5)
  An orc priest (Orc:2)
  An orc wizard (Orc:2)
  2 hell rats (Lair:5)
  7 gnolls
  2 orcs
  A jackal (D:5)
30 creatures vanquished.

Vanquished Creatures (others)
  A vault warden (Vaults:1)
  2 great orbs of eyes (Vaults:1)
  A yaktaur captain (Vaults:1)
  3 centaur warriors (Vaults:1)
  A deep elf knight (Elf:1)
  2 deep elf zephyrmancers (Elf:2)
  A shining eye (Abyss:3)
  3 yaktaurs (Vaults:1)
  A tengu conjurer (D:8)
  A blink frog (shapeshifter) (Elf:2)
  11 slime creatures
  2 yaks (D:8)
  4 golden eyes (Abyss:3)
  A vampire mosquito (Lair:5)
  A redback (Spider:1)
  82 jellies
  A white imp (Abyss:3)
  2 orcs
  A kobold (D:8)
  A frilled lizard (D:3)
  42 fungi
  73 plants
  6 starspawn tentacles (Abyss:3)
  A withered plant (Gauntlet)
244 creatures vanquished.

Grand Total: 1260 creatures vanquished

Table legend: (Time is in decaauts)
 A = Elapsed time spent in this place.
 B = Non-inter-level travel time spent in this place.
 C = Inter-level travel time spent in this place.
 D = Time resting spent in this place.
 E = Time spent auto-exploring this place.
 F = Levels seen in this place.
 G = Mean time per level.
                   A        B        C        D        E       F      G
               +--------+--------+--------+--------+--------+-----+--------+
         Total |  29581 |  26742 |   2839 |   4809 |  15005 |  37 |  799.5 |
       Dungeon |  14426 |  12913 |   1513 |   2001 |   8296 |  15 |  961.7 |
          Lair |   5597 |   4911 |    686 |    796 |   3004 |   5 | 1119.4 |
   Spider Nest |   1210 |   1176 |     34 |     24 |    900 |   1 | 1210.0 |
    Slime Pits |    154 |     98 |     56 |      0 |      0 |   5 |   30.8 |
  Orcish Mines |   2429 |   2092 |    337 |    893 |    807 |   2 | 1214.5 |
   Elven Halls |   1804 |   1592 |    212 |     65 |    793 |   3 |  601.3 |
        Vaults |   1647 |   1647 |      0 |    540 |    809 |   1 | 1647.0 |
         Abyss |    961 |    961 |      0 |    315 |      8 |   1 |  961.0 |
        Bazaar |    386 |    386 |      0 |     78 |    167 |   2 |  193.0 |
      Ice Cave |    597 |    597 |      0 |     96 |    109 |   1 |  597.0 |
      Gauntlet |    366 |    366 |      0 |      0 |    112 |   1 |  366.0 |
               +--------+--------+--------+--------+--------+-----+--------+

Top non-repeatable levels by time:
    D:10: 1922 daAuts
Vaults:1: 1647 daAuts
     D:9: 1468 daAuts
  Lair:2: 1304 daAuts
   Orc:2: 1235 daAuts
  Lair:3: 1233 daAuts
Spider:1: 1210 daAuts
   Orc:1: 1194 daAuts
    D:14: 1181 daAuts
  Lair:4: 1123 daAuts
    D:13: 1096 daAuts
    D:11: 1042 daAuts
  Lair:5: 985 daAuts
 Abyss:3: 961 daAuts
  Lair:1: 950 daAuts

Table legend:
 A = Non-vault XP
 B = Vault XP
 C = Vault XP percentage of total XP
 D = Non-vault monster count
 E = Vault monster count
 F = Vault count percentage of total count
                 A         B        C        D         E       F
            +---------+---------+-------+---------+---------+-------
      Total |  174340 |  115235 |  39.8 |     658 |     362 |  35.5
            +---------+---------+-------+---------+---------+-------
        D:1 |      50 |       0 |   0.0 |      27 |       0 |   0.0
        D:2 |      18 |       0 |   0.0 |       9 |       0 |   0.0
        D:3 |     166 |     301 |  64.5 |      25 |      12 |  32.4
        D:4 |      31 |     172 |  84.7 |      10 |       4 |  28.6
        D:5 |     897 |     634 |  41.4 |      23 |       9 |  28.1
        D:6 |     141 |     268 |  65.5 |       5 |       2 |  28.6
        D:7 |     810 |    1657 |  67.2 |      21 |      18 |  46.2
        D:8 |    1767 |    4105 |  69.9 |      28 |      19 |  40.4
        D:9 |    1936 |    4591 |  70.3 |      38 |      42 |  52.5
       D:10 |    3449 |    1331 |  27.8 |      15 |      12 |  44.4
       D:11 |    4926 |     940 |  16.0 |      21 |       2 |   8.7
       D:12 |    3123 |     878 |  21.9 |       8 |       1 |  11.1
       D:13 |    9865 |    3491 |  26.1 |      18 |      12 |  40.0
       D:14 |    8554 |    4890 |  36.4 |      24 |       9 |  27.3
       D:15 |    8626 |    2996 |  25.8 |      16 |       3 |  15.8
     Lair:1 |    4464 |     533 |  10.7 |      19 |       2 |   9.5
     Lair:2 |    4569 |    1862 |  29.0 |      15 |       8 |  34.8
     Lair:3 |    8542 |     785 |   8.4 |      33 |       1 |   2.9
     Lair:4 |    6234 |    5079 |  44.9 |      26 |      14 |  35.0
     Lair:5 |   11281 |    7411 |  39.6 |      46 |      30 |  39.5
   Spider:1 |   18006 |    6386 |  26.2 |      41 |       9 |  18.0
      Orc:1 |    3978 |     592 |  13.0 |      35 |      14 |  28.6
      Orc:2 |    1384 |    9771 |  87.6 |      30 |      26 |  46.4
      Elf:1 |   19377 |   10424 |  35.0 |      36 |      16 |  30.8
      Elf:2 |   18035 |    1662 |   8.4 |      28 |       2 |   6.7
      Elf:3 |    6368 |    1183 |  15.7 |      10 |       1 |   9.1
   Vaults:1 |   12779 |   21994 |  63.3 |      18 |      34 |  65.4
    Abyss:3 |   14446 |       0 |   0.0 |      31 |       0 |   0.0
      IceCv |       0 |   18151 | 100.0 |       0 |      51 | 100.0
   Gauntlet |     518 |    3148 |  85.9 |       2 |       9 |  81.8
            +---------+---------+-------+---------+---------+-------
